 Dungeon Crawl Stone Soup version 0.32-a0-41-gec2d92a32c (webtiles) character file.

Game seed: 10411755337726665283

23 Dirtsage the Changeling (level 2, -1/18 HPs)
             Began as an Octopode Shapeshifter on Jan 26, 2024.
             Succumbed to a kobold's curare-tipped dart
             ... on level 2 of the Dungeon.
             The game lasted 00:01:20 (1019 turns).

Dirtsage the Changeling (Octopode Shapeshifter)     Turns: 1019, Time: 00:01:20

Health: -1/18      AC:  1    Str: 13    XL:     2   Next: 95%
Magic:  2/2        EV: 13    Int: 12    God:
Gold:   85         SH:  0    Dex: 11    Spells: 1/1 levels left

rFire   . .          .
                       - Unarmed
rCold   . . .        (no shield)
rNeg    . . .        (helmet currently unavailable)
rPois   .            (no amulet)
rElec   .            (no ring)
rCorr   .            (no ring)
SInv    .            (no ring)
Will    .....        (no ring)
Stlth   ++           (no ring)
HPRegen 0.23/turn    (no ring)
MPRegen 0.08/turn    (no ring)
                     (no ring)

%: no passive effects
@: lethally poisoned (-1 -> -11), beast-form, slowed, very slow
A: beast (slay +1), almost no armour, amphibious, 8 rings, camouflage 1,
gelatinous body 1, (nimble swimmer 1), tentacles
a: Begin Untransformation


You were on level 2 of the Dungeon.
You were a hulking beast.
You visited 1 branch of the dungeon, and saw 2 of its levels.

You collected 85 gold pieces.

Inventory:

Talismans
 b - a beast talisman
 c - a flux talisman
Scrolls
 d - a scroll of teleportation {unknown}
 e - a scroll of butterflies {unknown}
 f - a scroll of fear {unknown}
 g - a scroll of identify {unknown}
Potions
 a - a potion of lignification


   Skills:
 + Level 1.4 Fighting
 + Level 2.3 Dodging
 + Level 3.2 Unarmed Combat
 * Level 3.3 Shapeshifting


You had one spell level left.
You didn't know any spells.
Your spell library contained the following spells:

 Spells                   Type           Power      Damage    Failure   Level
 Apportation              Tloc           0%         N/A       32%         1
 Jinxbite                 Hex            0%         N/A       45%         2
 Alistair's Intoxication  Alch           0%         N/A       100%        5


Dungeon Overview and Level Annotations

Branches:
Dungeon (2/15)

Altars:


Innate Abilities, Weirdness & Mutations

You are a hulking beast.
Your limbs bulge with bestial killing power. (Slay +1)
You cannot wear most types of armour.
You are amphibious.
You can wear up to eight rings at the same time.
Your skin changes colour to match your surroundings (Stealth+).
Your rubbery body absorbs attacks. (AC +1, EV +1)
((You are camouflaged when in or above water. (Stealth+)))
You have tentacles for arms and can constrict up to eight enemies at once.


Message History

A giant cockroach comes into view.
There is an open door here.
You barely miss the giant cockroach. Your grab misses the giant cockroach.
Your squeeze misses the giant cockroach.
The giant cockroach barely misses you.
You tentacle-slap the giant cockroach but do no damage.
You grab the giant cockroach. You squeeze the giant cockroach.
You kill the giant cockroach!
No target in view!
No target in view!
You pick up a book of Party Tricks and begin reading...
You add the spells Apportation, Jinxbite and Alistair's Intoxication to your library.
A rat comes into view.
An endoplasm comes into view.
The endoplasm quivers.
The helpless rat fails to defend itself.
You bludgeon the rat!
You kill the rat!
A kobold comes into view.
It is wielding a +0 dagger and quivering curare-tipped darts.
The endoplasm freezes you.
You are frozen.
You take 3 damage, and have 15/18 hp.
The kobold shouts!
You tentacle-slap the endoplasm. x2
You kill the endoplasm!
You hear a bark!
The kobold throws a curare-tipped dart.
The curare-tipped dart hits you.
You are lethally poisoned!
You have difficulty breathing.
You feel yourself slow down.
A jackal comes into view.
You take 7 damage, and have 8/18 hp.
MASSIVE DAMAGE!!
You are too injured to fight recklessly!
* * * LOW HITPOINT WARNING * * *
You feel very sick.
You take 6 damage, and have 2/18 hp.
MASSIVE DAMAGE!!
Okay, then.
Unknown command.
Unknown command.
Unknown command.
You die...

............#
.h.....K....#
...........# #.........#
#.........# #.....†...#
#.......#
####..##########
#######h###......#######
..........+......'......
#########.#......#######
#...†....# ##.......#
#..)....# #.......#
##..##### ##..###


You could see a jackal and a kobold.

Vanquished Creatures
  2 ball pythons
  3 bats
  2 endoplasms
  2 giant cockroaches
  2 hobgoblins
  2 frilled lizards
  2 goblins
  2 kobolds (D:1)
  7 rats
24 creatures vanquished.

Notes
Turn   | Place    | Note
-------+----------+-------------------------------------------
     0 | D:1      | Dirtsage the Octopode Shapeshifter began the quest for the
                  | Orb.
     0 | D:1      | Reached XP level 1. HP: 13/13 MP: 1/1
   368 | D:1      | Reached XP level 2. HP: 18/18 MP: 2/2
   419 | D:1      | Found a faded altar of an unknown god.
  1019 | D:2      | Succumbed to a kobold's curare-tipped dart

Illustrated notes

Levels and vault maps discovered:
D:1:      elethiomel_arrival_shortcut, layout_basic,
          nicolae_ecumenical_snake_handling, serial_glass, glass_columns_a,
          glass_columns_c, nicolae_titane
D:2:      kennysheep_big_flooded_room, layout_basic

Action                     || total
---------------------------++-------
  Melee: Unarmed           ||    39
         Constrict         ||    10
         Tentacles         ||     7
         Punch             ||     1
   Stab: Sleeping          ||     7
 Armour: Skin              ||    16
  Dodge: Dodged            ||    19

Table legend: (Time is in decaauts)
 A = Elapsed time spent in this place.
 B = Non-inter-level travel time spent in this place.
 C = Inter-level travel time spent in this place.
 D = Time resting spent in this place.
 E = Time spent auto-exploring this place.
 F = Levels seen in this place.
 G = Mean time per level.
                   A        B        C        D        E       F      G
               +--------+--------+--------+--------+--------+-----+--------+
         Total |   1017 |    994 |     23 |      0 |    843 |   2 |  508.5 |
       Dungeon |   1017 |    994 |     23 |      0 |    843 |   2 |  508.5 |
               +--------+--------+--------+--------+--------+-----+--------+

Top non-repeatable levels by time:
     D:1: 717 daAuts
     D:2: 300 daAuts
